 Dungeon Crawl Stone Soup version 0.31-a0-236-g9a0961fb85 (webtiles) character file.

Game seed: 764540311593481134

94 qw the Shooter (level 4, -2/36 HPs)
             Began as a Minotaur Hexslinger on July 10, 2023.
             Slain by an orc
             ... wielding a +1 short sword of holy wrath
              (4 damage)
             ... on level 3 of the Dungeon.
             The game lasted 00:00:35 (1422 turns).

qw the Shooter (Minotaur Hexslinger)                Turns: 1422, Time: 00:00:36

Health: -2/36      AC:  2    Str: 12    XL:     4   Next: 38%
Magic:  4/4        EV: 12    Int: 10    God:
Gold:   142        SH:  0    Dex: 15    Spells: 4/5 levels left

rFire   . . .        Y - +1 sling
rCold   . . .        (no shield)
rNeg    . . .        c - +0 robe
rPois   .            (helmet restricted)
rElec   .            (no cloak)
rCorr   .            (no gloves)
SInv    .            (no boots)
Will    .....        (no amulet)
Stlth   +            (no ring)
HPRegen 0.26/turn    (no ring)
MPRegen 0.09/turn

%: no passive effects
@: no status effects
A: horns 2, retaliatory headbutt
a: no special abilities


You were on level 3 of the Dungeon.
You visited 1 branch of the dungeon, and saw 3 of its levels.

You collected 142 gold pieces.


Innate Abilities, Weirdness & Mutations

You have a pair of horns on your head.
You reflexively headbutt those who attack you in melee.


   Skills:
 - Level 2.0 Fighting
 + Level 4.9 Ranged Weapons
 - Level 2.1 Dodging
 - Level 1.0 Spellcasting
 - Level 2.0 Hexes


You had 4 spell levels left.
You knew the following spells:

 Your Spells              Type           Power      Damage    Failure   Level
a - Slow                  Hex            16%        N/A       16%         1

Your spell library contained the following spells:

 Spells                   Type           Power      Damage    Failure   Level
 Inner Flame              Hex/Fire       2%         N/A       56%         3
 Portal Projectile        Hex/Tloc       4%         N/A       56%         3
 Cause Fear               Hex            2%         N/A       83%         4

Inventory:

Hand Weapons
 Y - a +1 sling (weapon)
Armour
 c - a +0 robe (worn)
Scrolls
 a - a scroll of identify
Potions
 b - a potion of lignification {unknown}

Dungeon Overview and Level Annotations

Branches:
Dungeon (3/15)

Altars:
Kikubaaqudgha


Message History

The hobgoblin completely misses you. The hobgoblin closely misses you.
You furiously retaliate!
You headbutt the hobgoblin.
You kill the hobgoblin!
You shoot a sling bullet. The sling bullet hits Jessica.
Jessica is heavily wounded.
An orc comes into view. It is wielding a +0 club.
You shoot a sling bullet. The sling bullet barely misses Jessica.
Jessica hits you with a +0 dagger.
You shoot a sling bullet. The sling bullet hits Jessica.
You kill Jessica!
The orc hits you with a +1 short sword of holy wrath.
A hobgoblin comes into view.
You have reached level 4!
You feel agile.
You shoot a sling bullet. The sling bullet barely misses the orc.
The orc closely misses you. x2
You shoot a sling bullet. The sling bullet hits the orc.
The orc is moderately wounded.
The orc barely misses you. The orc hits you with a +0 flail!
You shoot a sling bullet. The sling bullet barely misses the orc.
The orc closely misses you. The orc hits you with a +0 flail!
An adder comes into view.
The orc misses you. You furiously retaliate!
You headbutt the orc. The hobgoblin closely misses you.
The orc completely misses you.
The adder moves out of view.
You shoot a sling bullet. The sling bullet hits the orc.
You kill the orc!
The orc hits you with a +1 short sword of holy wrath.
The hobgoblin hits you.
You shoot a sling bullet. The sling bullet hits the orc.
The orc is severely wounded.
The orc hits you but does no damage. The orc hits you with a +0 club.
The hobgoblin hits you.
You shoot a sling bullet. The sling bullet barely misses the orc.
The orc hits you with a +1 short sword of holy wrath.
The orc closely misses you. You furiously retaliate!
You headbutt the orc.
You kill the orc!
The hobgoblin hits you.
You shoot a sling bullet. The sling bullet barely misses the orc.
The orc hits you with a +1 short sword of holy wrath.
You die...

...# #.# #.## #.# # ).#
#.# .# ### #.# ###. ##
#.# #.. .## #.# #.# ..##
#)#######.# ...##
#........g#
....####...#####@#
....)...........o)......
....####...#####.###.#..
...## #.....# #.# ..##
#.###.# #.. .##
#.###.###.# ##
#.........# #
#####.##### ####### #.#


You could see an orc and a hobgoblin.

Vanquished Creatures
  Jessica (D:3)
  An adder (D:2)
  A worm (D:2)
  2 orcs (D:3)
  An endoplasm (D:2)
  2 giant cockroaches
  5 hobgoblins
  4 quokkas
  3 ball pythons
  6 bats
  6 frilled lizards
  7 goblins
  9 kobolds
  8 rats
56 creatures vanquished.

Notes
Turn   | Place    | Note
-------+----------+-------------------------------------------
     0 | D:1      | qw the Minotaur Hexslinger began the quest for the Orb.
     0 | D:1      | Reached XP level 1. HP: 16/16 MP: 1/1
     0 | D:1      | 0 ||| qw: Version: 0.3-a-52-g30416fa
     0 | D:1      | 0 ||| qw: Game counter: 4937
     0 | D:1      | 0 ||| qw: Melee chars always use a shield: true
     0 | D:1      | 0 ||| qw: God list: Okawaru
     0 | D:1      | 0 ||| qw: Allow faded altars: false
     0 | D:1      | 0 ||| qw: Do Orc after clearing Dungeon:15 true
     0 | D:1      | 0 ||| qw: Do second Lair branch before Depths: true
     0 | D:1      | 0 ||| qw: Lair rune preference: random
     0 | D:1      | 0 ||| qw: Goals: Normal
     0 | D:1      | 0 ||| PLANNING D:1-11
   107 | D:1      | Reached skill level 3 in Ranged Weapons
   109 | D:1      | Reached XP level 2. HP: 23/23 MP: 2/2
   475 | D:1      | 475 ||| READING scroll labelled FATUXTO ROSESM.
   479 | D:1      | 479 ||| READING scroll labelled PYAGOIPH TUNK.
   480 | D:1      | 480 ||| READING scroll labelled ACEXIPTICVA.
   481 | D:1      | 481 ||| READING scroll labelled QUSEWI ABROIRPH.
   482 | D:1      | 482 ||| DROPPING scroll of poison.
   574 | D:2      | Reached XP level 3. HP: 29/29 MP: 3/3
   703 | D:2      | Reached skill level 4 in Ranged Weapons
  1080 | D:2      | Found an ancient bone altar of Kikubaaqudgha.
  1181 | D:2      | 1181 ||| READING scroll labelled CANGISTI BIOMEF.
  1182 | D:2      | 1182 ||| READING scroll labelled QUUDEO WOSTUTY.
  1411 | D:3      | Noticed Jessica
  1415 | D:3      | Killed Jessica
  1416 | D:3      | Reached XP level 4. HP: 30/36 MP: 4/4
  1420 | D:3      | HP: 7/36 [hobgoblin (3)]
  1421 | D:3      | HP: 1/36 [hobgoblin (5)]
  1422 | D:3      | Slain by an orc

Levels and vault maps discovered:
D:1:      ncdulo_smallfort, layout_rooms, hex_large
D:2:      layout_loops_ring, basic_altar, wander_ebering_terrifying_dragon_lair
D:3:      layout_loops_corners, mainiacjoe_overflow_six_doors_small,
          minivault_11, uniq_jessica

Skill      XL: |  1  2  3 |
---------------+----------+-----
Ranged Weapons | 3 4 |  4.9
Fighting       | 2 |  2.0
Dodging        | |  2.1
Spellcasting   | |  1.0
Hexes          | |  2.0

Action                     |  1- 3 |  4- 6 || total
---------------------------+-------+-------++-------
   Fire: Sling             |   129 |     7 ||   136
    Use: Scroll            |     6 |       ||     6
 Armour: Robe              |    12 |     1 ||    13
  Dodge: Dodged            |    29 |     8 ||    37

Table legend:
 A = Non-vault XP
 B = Vault XP
 C = Vault XP percentage of total XP
 D = Non-vault monster count
 E = Vault monster count
 F = Vault count percentage of total count
                 A         B        C        D         E       F
            +---------+---------+-------+---------+---------+-------
      Total |      97 |      38 |  28.1 |      54 |       2 |   3.6
            +---------+---------+-------+---------+---------+-------
        D:1 |      33 |       0 |   0.0 |      22 |       0 |   0.0
        D:2 |      42 |       1 |   2.3 |      19 |       1 |   5.0
        D:3 |      22 |      37 |  62.7 |      13 |       1 |   7.1
            +---------+---------+-------+---------+---------+-------
